Workbook
Name _.: #REF!
Name _.: #REF!
Name _R: #REF!
Name _R: #REF!
Name Area_Print: #REF!
Name Area_Print: #REF!
Name Clear_CAST_Price_Summary: Currency!Clear_CAST_Price_Summary
Name Clear_CAST_Price_Summary: 'Lean_Agile Services'!Clear_CAST_Price_Summary
Name Clear_CAST_Price_Summary: [0]!Clear_CAST_Price_Summary
Name Cost_Allocation: [1]Data!$C$2:$C$12
Name Cost_Allocation: [2]Data!$C$2:$C$12
Name CPA_Data: [1]Data!$F$2:$F$14
Name CPA_Data: [2]Data!$F$2:$F$14
Name Currency: [1]Data!$E$2:$E$19
Name Currency: [2]Data!$E$2:$E$19
Name Currency_A: [3]Data!$E$2:$E$19
Name Currency_A: [4]Data!$E$2:$E$19
Name Currency_Allocated: '[5]Option X3'!$D$9:$D$26
Name Currency_Allocated: '[6]Option X3'!$D$9:$D$26
Name CurrencyA: [7]Data!$E$2:$E$19
Name D: #REF!
Name D: #REF!
Name Data: 'Lean_Agile Services'!#REF!
Name Data: #REF!
Name Data_Daywork: #REF!
Name Data_Daywork: #REF!
Name Data_Opt_Bill5: #REF!
Name Data_Opt_Bill5: #REF!
Name Option_N: '[5]Option X5'!$H$9:$H$18
Name Option_N: '[6]Option X5'!$H$9:$H$18
Name P: #REF!
Name P: #REF!
Name PS5_Allocation: [1]Data!$B$2:$B$20
Name PS5_Allocation: [2]Data!$B$2:$B$20
Name Q: #REF!
Name Q: #REF!
Name S: #REF!
Name S: #REF!
Name Sort_Data: #REF!
Name Sort_Data: #REF!
Name w: Currency!w
Name w: 'Lean_Agile Services'!w
Name w: [0]!w

Sheet Lean_Agile Services
B1: Pricing Schedule : Lean and Agile Services
B3: VENDOR NAME
B7: IMPORTANT NOTES
B8: All cells highlighted in GREEN must be completed
B9: Quoted prices MUST be in ZAR, EXCLUDING VAT and ESCALATIONS
B11: Provisioning of lean and agile services for Group IT
B12: Prices MUST be quoted based on the SCOPE provided
B13: Select the currency from the CURRENCY drop-down list in COLUMN "E"
B15: Capture the applicable Currency, ROE and ROE Published Date on the "Currency sheet".
B16: The adjustments for prevailing rates and the basis for future price adjustments will be determined at time of contracting.
B17: Exchange rate variations may not be claimed for the local mark-up in the pricing structure
B19: NB: Provide service quotation based on the defined deliverables.
... B24: All Prices must be exclusive of VAT
J27: CASHFLOW PLAN
B28: CATEGORY | C28: DELIVERABLES (MILESTONES) | D28: CURRENCY | G28: SERVICE CHARGE | H28: TOTAL CHARGE | J28: MONTH 1 | K28: MONTH 2 | L28: MONTH 3 | M28: MONTH 4 | N28: MONTH 5 | O28: MONTH 6
B29: Provisioning of lean and agile services for Group IT | C29: ASSESMENT: Perform an assessment of the current AS-IS Group IT landscape to identify areas/use cases where lean and agile methodology could be applied | D29: =IF(E29="","",IF(E29="ZAR","Local","Foreign")) -> Local | E29: ZAR | F29: =IF(D29="","",IF(D29="Foreign",VLOOKUP(E29,Currency!$E$20:$F$33,2,FALSE),1)) -> 1 | G29: 0 | H29: =G29*F29 -> 0 | J29: 0 | K29: 0 | L29: 0 | M29: 0 | N29: 0 | O29: 0
C30: FRAMEWORK: Identify and recommend a lean and agile framework that is suitable for the Group IT operating model (The recommended lean and agile framework must identify the tools & technologies, processes and teams to support Group IT’s strategic objective of providing innovative digital solutions to Eskom’s challenges). | D30: =IF(E30="","",IF(E30="ZAR","Local","Foreign")) -> Local | E30: ZAR | F30: =IF(D30="","",IF(D30="Foreign",VLOOKUP(E30,Currency!$E$20:$F$33,2,FALSE),1)) -> 1 | G30: 0 | H30: =G30*F30 -> 0 | J30: 0 | K30: 0 | L30: 0 | M30: 0 | N30: 0 | O30: 0
C31: ROADMAP: Development of a roadmap supporting the implementation of the ‘To-Be’ Eskom’s lean and agile framework. (The deliverable should include elements listed below and more, depending on the outcome of the assessment) • Recommendations/improvements to current operating model • Define roles, responsibilities and reporting requirements around the recommended framework • Define/recommend the skills required to support the framework • Provide training plan for the recommended skills | D31: =IF(E31="","",IF(E31="ZAR","Local","Foreign")) -> Local | E31: ZAR | F31: =IF(D31="","",IF(D31="Foreign",VLOOKUP(E31,Currency!$E$20:$F$33,2,FALSE),1)) -> 1 | G31: 0 | H31: =G31*F31 -> 0 | J31: 0 | K31: 0 | L31: 0 | M31: 0 | N31: 0 | O31: 0
C32: GOVERNANCE PROCESSES: Define/recommend governance processes to be followed | D32: =IF(E32="","",IF(E32="ZAR","Local","Foreign")) -> Local | E32: ZAR | F32: =IF(D32="","",IF(D32="Foreign",VLOOKUP(E32,Currency!$E$20:$F$33,2,FALSE),1)) -> 1 | G32: 0 | H32: =G32*F32 -> 0 | J32: 0 | K32: 0 | L32: 0 | M32: 0 | N32: 0 | O32: 0
B33: Training | D33: =IF(E33="","",IF(E33="ZAR","Local","Foreign")) -> Local | E33: ZAR | F33: =IF(D33="","",IF(D33="Foreign",VLOOKUP(E33,Currency!$E$20:$F$33,2,FALSE),1)) -> 1 | G33: 0 | H33: =G33*F33 -> 0 | J33: 0 | K33: 0 | L33: 0 | M33: 0 | N33: 0 | O33: 0
D34: =IF(E34="","",IF(E34="ZAR","Local","Foreign")) -> Local | E34: ZAR | F34: =IF(D34="","",IF(D34="Foreign",VLOOKUP(E34,Currency!$E$20:$F$33,2,FALSE),1)) -> 1 | G34: 0 | H34: =G34*F34 -> 0 | J34: 0 | K34: 0 | L34: 0 | M34: 0 | N34: 0 | O34: 0
D35: =IF(E35="","",IF(E35="ZAR","Local","Foreign")) -> Local | E35: ZAR | F35: =IF(D35="","",IF(D35="Foreign",VLOOKUP(E35,Currency!$E$20:$F$33,2,FALSE),1)) -> 1 | G35: 0 | H35: =G35*F35 -> 0 | J35: 0 | K35: 0 | L35: 0 | M35: 0 | N35: 0 | O35: 0
H36: =SUM(H29:H35) -> 0 | J36: =SUM(J29:J35) -> 0 | K36: =SUM(K29:K35) -> 0 | L36: =SUM(L29:L35) -> 0 | M36: =SUM(M29:M35) -> 0 | N36: =SUM(N29:N35) -> 0 | O36: =SUM(O29:O35) -> 0
B38: TABLE 1: PRICING ASSUMPTIONS

Sheet Currency
B2: ='Lean_Agile Services'!B3 -> VENDOR NAME
B4: EXCHANGE RATES FOR MULTIPLE CURRENCIES
B6: NOTES:
B7: 1 | C7: The table below needs to be completed if the Employer will be exposed to any currency fluctuation as stipulated in Secondary Clause X3. For conversion of the foreign portions to Rand, please use the South African Reserve Bank's (SARB) exchange rate at 12:00 on the day of advertisement of the bid. This is in terms of the Preferential Procurement Policy Framework Act (PPPFA) with which the Employer has to comply. NB: Tenderers must submit proof of the SARB rate(s) of exchange used
B8: 2 | C8: The following URL (electronic route) is to be followed to access the relevant SARB rates on their web pages:
C9: www.resbank.co.za
C10: - Select Research - Then select Rates - Click on "Select historical exchange rates and other interest rates" - Clicking on the exchange rate in the following page opens the daily rates per currency and SA Rand
B11: 3 | C11: The Employer deals only in the currencies listed below unless other currencies are specifically approved for this tender. Kindly notify the Employer of any currency that the tenderer intends to use, but is not stipulated in the table, to consider sanctioning such currency. Sufficient time must be allowed for the assessment and to respond to such request. The onus is on the tenderer to submit a bid with approved currencies
B12: 4 | C12: The format in which the exchange rate must be inserted in the table is: 1 (One) Foreign Currency = R Amount (i.e. the Rand amount for one of each foreign currency applicable). Exchange rates must be rounded to 4 decimals NB : Only the USD/ZAR, GBP/ZAR and EUR/ZAR are published in this way on the SARB web pages above. The Rand rate with the other currencies must be inverted (1/Foreign Currency Rate) in order to list it in the required format in the table below
B13: 5 | C13: All information in the table below must conform with all other equivalent information in the offer.
C14: Payment in terms of Payment Method 2 is considered as a "foreign payment" although it will be effected in South African Rand. However, amounts for "F.O.R. Price-Goods supplied from Imported Items", are NOT considered as "foreign payments"
C15: If more than one payment method apply for a currency, the Tenderer must request an additional row be inserted in the table in order to split the values and identify the relevant method.
C18: MULTIPLE CURRENCIES
C19: No | D19: Currency Description | E19: Code | F19: Exchange Rate Currency 1,00 = | G19: Date Published | H19: Source
C20: 1 | D20: Australian Dollar | E20: AUD
C21: 2 | D21: Canadian Dollar | E21: CAN
C22: 3 | D22: Swiss Franc | E22: CHF
C23: 4 | D23: Danish Krone | E23: DKK
C24: 5 | D24: European Currency | E24: EUR
C25: 6 | D25: British Pound | E25: GBP
C26: 7 | D26: Hong Kong Dollar | E26: HKD
C27: 8 | D27: Japanese Yen | E27: JPY
C28: 9 | D28: Norwegian Krone | E28: NOK
C29: 10 | D29: New Zealand Dollar | E29: NZD
C30: 11 | D30: Swedish Krone | E30: SEK
C31: 12 | D31: Singapore Dollar | E31: SGD
C32: 13 | D32: United States Dollar | E32: USD
C33: 14 | D33: South African Rand | E33: ZAR | F33: 1
